 Dungeon Crawl Stone Soup version 0.27-a0-1431-gcffa5a9b16 (webtiles) character file.

Game seed: 17044806162570345516

12457 nyamberluvr69 the Fighter (level 11, -2/175 HPs)
             Began as a Naga Berserker on July 2, 2021.
             Was a High Priest of Trog.
             Slain by an 11-headed hydra (9 damage)
             ... in a Gauntlet.
             The game lasted 00:30:48 (14733 turns).

nyamberluvr69 the Fighter (Naga Berserker)         Turns: 14733, Time: 00:30:49

Health: -2/175     AC: 12    Str: 23    XL:     11   Next: 93%
Magic:  11/11      EV:  6    Int:  8    God:    Trog [*****.]
Gold:   567        SH:  7    Dex: 10    Spells: 10/10 levels left

rFire    . . .     SeeInvis +   F - +2 war axe (venom)
rCold    . . .     Faith    .   m - +0 kite shield
rNeg     . . .     Spirit   .   w - +0 acid dragon scales
rPois    +         Reflect  .   (no helmet)
rElec    .         Harm     .   (no cloak)
rCorr    +         Rampage  .   N - +0 pair of gloves
Will     +....     NoTele   +   (no barding)
Stlth    ..........             (no amulet)
HPRegen  0.39/turn              q - +4 ring of slaying
MPRegen  0.12/turn              t - +4 ring of protection

@: berserking (expiring), slowed, very slow
A: AC +3, large, see invisible, deformed body, poison resistance, slowness 2,
spit poison 1, naga tail 1
a: Spit Poison, Renounce Religion, Berserk, Trog's Hand, Brothers in Arms


You were in a Gauntlet.
You worshipped Trog.
Trog was extremely pleased with you.
You visited 1 branch of the dungeon, and saw 11 of its levels.
You also visited: Gauntlet.

You collected 637 gold pieces.
You spent 70 gold pieces at shops.

Inventory:

Hand Weapons
 g - a +5 hand axe of venom
 y - the +8 falchion of Ogule {freeze, rN+ rCorr}
   (You found it on level 5 of the Dungeon)

   It has been specially enchanted to freeze those struck by it, causing extra
   injury to most foes and up to half again as much damage against particularly
   susceptible opponents.
   It can also slow down cold-blooded creatures.
   rN:        It protects you from negative energy.
   rCorr:     It protects you from acid and corrosion.
 F - a +2 war axe of venom (weapon)
Missiles
 D - 2 curare-tipped darts (quivered)
 K - a throwing net
Armour
 i - a +0 chain mail
 m - a +0 kite shield (worn)
 u - a +1 scale mail of fire resistance
 w - +0 acid dragon scales (worn)
 N - a +0 pair of gloves (worn)
Jewellery
 a - a ring of ice
 q - a +4 ring of slaying (left hand)
 t - a +4 ring of protection (right hand)
 C - the amulet "Riniges" {+Inv Regen+ Str+7 Int-4 Stlth+}
   (You found it on level 7 of the Dungeon)

   [amulet of regeneration]

   Str:       It affects your strength (+7).
   Int:       It affects your intelligence (-4).
   +Inv:      It lets you turn invisible.
   Regen:     It increases your rate of health regeneration.
   Stlth:     It makes you more stealthy.
 I - a ring of positive energy
Wands
 z - a wand of digging (5)
 A - a wand of iceblast (3)
 B - a wand of polymorph (4)
 L - a wand of flame (16)
Scrolls
 c - 9 scrolls of teleportation
 d - 2 scrolls of magic mapping
 e - 3 scrolls of noise {unknown}
 h - 3 scrolls of immolation {unknown}
 j - 4 scrolls of blinking {unknown}
 l - 3 scrolls of fear {unknown}
 n - a scroll of brand weapon {unknown}
 p - a scroll of fog {unknown}
 r - a scroll of silence {unknown}
 s - a scroll of vulnerability {unknown}
 x - 3 scrolls of amnesia {unknown}
 G - 4 scrolls of identify
Potions
 f - 5 potions of heal wounds
 k - 2 potions of haste
 o - a potion of flight
 v - 4 potions of curing
 E - a potion of invisibility {unknown}
 H - a potion of degeneration {unknown}
 J - a potion of berserk rage {unknown}
 M - a potion of brilliance {unknown}


   Skills:
 + Level 13.5 Fighting
 + Level 12.9 Axes
 - Level 1.5 Armour
 - Level 1.5 Dodging


You had 10 spell levels left.
You didn't know any spells.
Your spell library was empty.

Dungeon Overview and Level Annotations

Branches:
Dungeon (11/15)            Temple (0/1) D:4            Lair (0/6) D:10
Gauntlet (1/1)
    Orc: D:9-12

Altars:
Cheibriados
Gozag
Hepliaklqana
Makhleb
Okawaru
Qazlal
Ru
Sif Muna
Wu Jian
Xom
Yredelemnul

Shops:
D:4 =   D:5 *   D:8 *   D:9 :

Annotations:
D:9 exclusion: orange crystal statue Gauntlet 13 transporters, 16 runed translucent doors, exclusion: ice statue


Innate Abilities, Weirdness & Mutations

Your serpentine skin is tough. (AC +3)
You have supernaturally acute eyesight. (SInv)
Armour fits poorly on your strangely shaped body.
Your system is resistant to poisons. (rPois)
You cover ground very slowly.
You can spit poison.
You have a snake-like lower body.


Message History

The nine-headed hydra bites you!
You chop one of the nine-headed hydra's heads off!
The eight-headed hydra grows two more!
You slice the ten-headed hydra!!
The ten-headed hydra is heavily wounded.
You hit the torpor snail.
The torpor snail looks even sicker.
You block the torpor snail's attack.
The ten-headed hydra bites you but does no damage. x2
You block the ten-headed hydra's attack.
The ten-headed hydra bites you! x2
* * * LOW HITPOINT WARNING * * *
You block the ten-headed hydra's attack.
The ten-headed hydra bites you!
* * * LOW HITPOINT WARNING * * *
The ten-headed hydra closely misses you.
The ten-headed hydra bites you!
* * * LOW HITPOINT WARNING * * *
The ten-headed hydra bites you but does no damage.
Your shield prevents you from hitting the ten-headed hydra.
The ten-headed hydra is heavily wounded.
You hit the torpor snail.
The torpor snail bites you but does no damage.
You block the ten-headed hydra's attack. x2
The ten-headed hydra bites you.
* * * LOW HITPOINT WARNING * * *
The ten-headed hydra bites you.
* * * LOW HITPOINT WARNING * * *
The ten-headed hydra bites you.
* * * LOW HITPOINT WARNING * * *
The ten-headed hydra bites you.
* * * LOW HITPOINT WARNING * * *
The ten-headed hydra barely misses you.
The ten-headed hydra bites you but does no damage.
The ten-headed hydra bites you!
* * * LOW HITPOINT WARNING * * *
The ten-headed hydra barely misses you.
You lop one of the ten-headed hydra's heads off!
The nine-headed hydra grows two more!
You slash the 11-headed hydra!
The 11-headed hydra is heavily wounded.
The 11-headed hydra bites you!
You die...

#8# #8# #8# #8# #8#
####################
..................≈###
...................#8#
######.###########.###
©.)..#.#[.#!©=...#.#
.##..#.#...#..^w.#.###
#..#.#.#...#^..D##.#8#
#..#.#.#....#.##@#.###
###..#.#..^###^..#.#
#..#.#.#.##.#©...#.###
#..#.#.##....#...#.#8#
.##..#.#..^..#...#.###
.....#.#......#..#.#
##################.###
©...........©#.....#8#
.#############....§###


You could see a 11-headed hydra and a torpor snail (very poisoned).

Vanquished Creatures
  3 two-headed ogres
  A sixfirhy (Gauntlet)
  An elephant (D:10)
  Psyche (D:8)
  A kobold demonologist (D:9)
  2 trolls
  Grinder (D:4)
  2 slime creatures (Gauntlet)
  A hornet (D:8)
  2 wyverns
  2 shadows
  Eustachio (D:5)
  12 yaks
  2 basilisks (D:10)
  A steam dragon (D:9)
  2 vampire mosquitoes (D:10)
  Menkaure (D:6)
  An acid dragon (D:5)
  A black bear (D:5)
  2 orc warriors
  3 ice beasts
  2 sky beasts (D:7)
  2 necrophages
  6 centaurs
  3 bullfrogs
  2 kobold brigands
  A gnoll sergeant (D:10)
  A scorpion (D:5)
  A water moccasin skeleton (D:5)
  6 killer bees
  3 electric eels (D:6)
  5 howler monkeys
  A crimson imp (D:8)
  2 lava snakes (D:9)
  4 centaur zombies
  A centaur skeleton (D:7)
  A hound (D:5)
  2 bullfrog skeletons
  8 jellies
  3 orc priests
  5 iguanas
  13 orc wizards
  Terence (D:2)
  A killer bee zombie (D:6)
  A hound zombie (D:5)
  A hound skeleton (D:4)
  2 howler monkey zombies
  8 gnolls
  2 adders
  A howler monkey skeleton (D:5)
  A shadow imp (D:5)
  2 white imps
  5 ufetubi
  An adder skeleton (D:4)
  2 worms
  11 dart slugs
  24 orcs
  5 ball pythons
  10 endoplasms
  A giant cockroach (D:2)
  6 goblins
  5 hobgoblins
  3 jackals (D:2)
  18 kobolds
  4 quokkas
  5 bats
  7 frilled lizards (D:1)
  2 rats (D:3)
244 creatures vanquished.

Vanquished Creatures (others)
  A dart slug (D:6)
  A fungus (D:10)
  A withered plant (Gauntlet)
3 creatures vanquished.

Grand Total: 247 creatures vanquished

Notes
Turn   | Place    | Note
-------+----------+-------------------------------------------
     0 | D:1      | nyamberluvr69 the Naga Berserker began the quest for the
                  | Orb.
     0 | D:1      | Reached XP level 1. HP: 21/21 MP: 1/1
   239 | D:1      | Reached XP level 2. HP: 18/28 MP: 2/2
  1253 | D:2      | Reached ** piety under Trog
  1254 | D:2      | Reached XP level 3. HP: 25/34 MP: 3/3
  1256 | D:2      | Noticed Terence
  1262 | D:2      | Killed Terence
  1640 | D:2      | Reached XP level 4. HP: 43/43 MP: 4/4
  2235 | D:3      | Found a faded altar of an unknown god.
  2466 | D:3      | Found a snail-covered altar of Cheibriados.
  3028 | D:4      | Reached skill level 4 in Fighting
  3028 | D:4      | Reached XP level 5. HP: 37/50 MP: 5/5
  3039 | D:4      | Reached skill level 5 in Axes
  3266 | D:4      | Found Nioll's Jewellery Shop.
  3453 | D:4      | Noticed Grinder
  3461 | D:4      | Killed Grinder
  3462 | D:4      | Reached XP level 6. HP: 15/60 MP: 6/6
  3744 | D:4      | Reached *** piety under Trog
  3884 | D:4      | Found a staircase to the Ecumenical Temple.
  4470 | D:5      | Entered Level 5 of the Dungeon
  4493 | D:5      | Noticed a black bear
  4499 | D:5      | Killed a black bear
  4500 | D:5      | Reached skill level 5 in Fighting
  4500 | D:5      | Reached XP level 7. HP: 67/67 MP: 7/7
  4506 | D:5      | Found Panaivvu's Assorted Antiques.
  4583 | D:5      | Found a large runed translucent door.
  4652 | D:5      | Found a large runed translucent door.
  4657 | D:5      | Noticed a wyvern
  4755 | D:5      | Noticed Eustachio
  4779 | D:5      | Killed Eustachio
  4829 | D:5      | Reached skill level 6 in Fighting
  4829 | D:5      | Reached XP level 8. HP: 62/76 MP: 8/8
  5125 | D:5      | Found a large runed translucent door.
  5125 | D:5      | Found a large runed translucent door.
  5259 | D:5      | Reached skill level 7 in Fighting
  5467 | D:5      | Identified the +8 falchion of Ogule {freeze, rN+ rCorr}
  5975 | D:5      | Killed a wyvern
  5976 | D:5      | Reached XP level 9. HP: 88/88 MP: 9/9
  5978 | D:5      | Reached skill level 8 in Fighting
  6389 | D:6      | Reached **** piety under Trog
  7296 | D:6      | Noticed Menkaure
  7780 | D:6      | Killed Menkaure
  7781 | D:6      | Reached skill level 9 in Fighting
  7781 | D:6      | Reached skill level 10 in Axes
  8021 | D:7      | Identified the amulet "Riniges" {+Inv Regen+ Str+7 Int-4
                  | Stlth+}
  8387 | D:7      | Reached XP level 10. HP: 95/102 MP: 10/10
  8418 | D:7      | Reached skill level 10 in Fighting
  8536 | D:7      | Found a stormy altar of Qazlal.
  8538 | D:7      | Found an opulent altar of Gozag.
  8541 | D:7      | Found a shimmering blue altar of Sif Muna.
  8543 | D:7      | Found a shimmering altar of Xom.
  8544 | D:7      | Found a basalt altar of Yredelemnul.
  9184 | D:8      | Noticed a two-headed ogre
  9192 | D:8      | Killed a two-headed ogre
  9276 | D:8      | Noticed a two-headed ogre
  9282 | D:8      | Killed a two-headed ogre
  9283 | D:8      | Reached skill level 11 in Fighting
  9467 | D:8      | Found Xiell's Assorted Antiques.
  9573 | D:8      | Bought a scroll of identify for 70 gold pieces
  9578 | D:8      | Noticed Psyche
  9588 | D:8      | Killed Psyche
  9816 | D:8      | Paralysed by a hornet for 2 turns
 10191 | D:8      | Found a burning altar of Makhleb.
 10667 | D:9      | Reached skill level 12 in Fighting
 10970 | D:9      | Noticed an orange crystal statue
 11280 | D:9      | Noticed a kobold demonologist
 11302 | D:9      | Killed a kobold demonologist
 11303 | D:9      | Reached XP level 11. HP: 114/114 MP: 11/11
 11444 | D:9      | Found a hazy altar of Hepliaklqana.
 11444 | D:9      | Found an iron altar of Okawaru.
 11444 | D:9      | Found a sacrificial altar of Ru.
 11932 | D:9      | Found Sogar's Book Boutique.
 11932 | D:9      | Noticed a two-headed ogre
 11939 | D:9      | Killed a two-headed ogre
 12330 | D:10     | Entered Level 10 of the Dungeon
 13059 | D:10     | Reached skill level 13 in Fighting
 13148 | D:10     | Found a staircase to the Lair.
 13176 | D:10     | HP: 5/117 [basilisk (15)]
 13552 | D:10     | Found an ornate altar of the Wu Jian Council.
 13987 | D:11     | Found a gate leading to a gauntlet.
 13998 | Gauntlet | Entered a Gauntlet
 13998 | Gauntlet | Found a transporter.
 13998 | Gauntlet | Found a large runed translucent door.
 13998 | Gauntlet | Found a large runed translucent door.
 13998 | Gauntlet | Found a large runed translucent door.
 13998 | Gauntlet | Found a large runed translucent door.
 13998 | Gauntlet | Found a runed translucent door.
 13998 | Gauntlet | Found a runed translucent door.
 13998 | Gauntlet | Found a large runed translucent door.
 13998 | Gauntlet | Found a large runed translucent door.
 13998 | Gauntlet | Found a large runed translucent door.
 13998 | Gauntlet | Found a large runed translucent door.
 13998 | Gauntlet | Found a large runed translucent door.
 13998 | Gauntlet | Found a large runed translucent door.
 13999 | Gauntlet | Found a large runed translucent door.
 13999 | Gauntlet | Found a large runed translucent door.
 14000 | Gauntlet | Found a large runed translucent door.
 14000 | Gauntlet | Found a large runed translucent door.
 14000 | Gauntlet | Found a large runed translucent door.
 14000 | Gauntlet | Found a large runed translucent door.
 14009 | Gauntlet | Found a transporter.
 14024 | Gauntlet | Found a transporter.
 14028 | Gauntlet | Noticed a cacodemon
 14029 | Gauntlet | Found a transporter.
 14038 | Gauntlet | Noticed a death yak
 14039 | Gauntlet | Noticed a necromancer
 14043 | Gauntlet | Noticed a death yak
 14043 | Gauntlet | Noticed a death yak
 14044 | Gauntlet | Found a transporter.
 14063 | Gauntlet | Found a transporter.
 14075 | Gauntlet | Found a transporter.
 14077 | Gauntlet | Noticed a ghost crab
 14087 | Gauntlet | Found a transporter.
 14087 | Gauntlet | Noticed a ghost crab
 14099 | Gauntlet | Found a transporter.
 14103 | Gauntlet | Noticed a ghost crab
 14110 | Gauntlet | Noticed an eight-headed hydra
 14111 | Gauntlet | Found a transporter.
 14128 | Gauntlet | Found a transporter.
 14146 | Gauntlet | Found a transporter.
 14148 | Gauntlet | Found a transporter.
 14171 | Gauntlet | Found a runed translucent gate.
 14171 | Gauntlet | Found a runed translucent gate.
 14171 | Gauntlet | Found a runed translucent gate.
 14171 | Gauntlet | Noticed a sixfirhy
 14173 | Gauntlet | Found a transporter.
 14175 | Gauntlet | Found a transporter.
 14195 | Gauntlet | Found a transporter.
 14273 | Gauntlet | Found a transporter.
 14293 | Gauntlet | Found a transporter.
 14420 | Gauntlet | Killed a sixfirhy
 14628 | Gauntlet | Reached ***** piety under Trog
 14731 | Gauntlet | HP: 6/175 [ten-headed hydra (8)]
 14733 | Gauntlet | Slain by an 11-headed hydra

Illustrated notes

Levels and vault maps discovered:
D:1:      minmay_arrival_stone_box, layout_basic, minmay_misc_feat_rugged,
          serial_bayou_pond_e, minivault_26, minmay_lizard_pond
D:2:      layout_basic, uniq_terence
D:3:      layout_loops_corners, amcnicky_altar_gilded,
          shapermc_ecumenical_altar_mp_ritualfount, grunt_decor_arrowhead
D:4:      layout_loops_ring, minmay_temple_entry_junction, serial_shops, shop,
          chequers_serial_rivers_micro_d, uniq_grinder
D:5:      layout_loops_ring, serial_shops, shop_statue,
          minmay_hollow_rounded_squares, uniq_eustachio
D:6:      kennysheep_slugbush, layout_cave_pools, bh_walls_and_bars,
          uniq_menkaure
D:7:      layout_loops_cross, minitemple
D:8:      layout_loops_ring, makhleb_grotto_becter, serial_shops, shop,
          uniq_psyche
D:9:      layout_loops_corners, gammafunk_temple_overflow_forgotten,
          kennysheep_diamond, disabler_island
D:10:     layout_loops_ring, lemuel_doored_altar, david_lair_generic
D:11:     layout_roguey, gauntlet_entry_generic, minmay_misc_feat_tiny,
          uniq_erolcha, uniq_nergalle
Gauntlet: gammafunk_gauntlet_one_two_three
          [minmay_gauntlet_arena_make_your_own_arena,
          nicolae_gauntlet_arena_flowing_pool,
          gammafunk_gauntlet_arena_split_diamond, nicolae_gauntlet_swirl,
          nicolae_gauntlet_arena_quarters, gammafunk_gauntlet_arena_mazey,
          gammafunk_gauntlet_arena_crates, gammafunk_gauntlet_arena_teeth,
          nicolae_gauntlet_arena_grate_2, gauntlet_exit_watery]

Skill      XL: |  1  2  3  4  5  6  7  8  9 10 11 |
---------------+----------------------------------+-----
Axes           | 4 6 7 9 10 11 12 | 12.9
Fighting       | 4 5 6 7 9 12 13 | 13.5
Armour         | |  1.5
Dodging        | |  1.5

Action                   |  1- 3 |  4- 6 |  7- 9 | 10-12 || total
-------------------------+-------+-------+-------+-------++-------
Melee: Hand axe          |    62 |   113 |   184 |    32 ||   391
       War axe           |       |       |       |   228 ||   228
Throw: Dart              |       |       |       |     3 ||     3
       Throwing net      |       |       |       |     1 ||     1
Invok: Berserk           |     2 |     1 |     6 |    12 ||    21
       Trog's Hand       |       |       |     2 |     3 ||     5
 Abil: Spit Poison       |     2 |     1 |     5 |     6 ||    14
Evoke: Wand              |       |       |     3 |     2 ||     5
  Use: Scroll            |       |       |     6 |     1 ||     7
       Potion            |       |       |       |     2 ||     2
Armor: Animal skin       |     6 |       |       |       ||     6
       Chain mail        |     5 |    60 |     7 |       ||    72
       Scale mail        |       |       |    24 |       ||    24
       Acid dragon scale |       |       |    50 |   126 ||   176
Dodge: Dodged            |    31 |    39 |    74 |   103 ||   247
Block: Kite shield       |       |       |       |    83 ||    83

Table legend: (Time is in decaauts)
 A = Elapsed time spent in this place.
 B = Non-inter-level travel time spent in this place.
 C = Inter-level travel time spent in this place.
 D = Time resting spent in this place.
 E = Time spent auto-exploring this place.
 F = Levels seen in this place.
 G = Mean time per level.
                   A        B        C        D        E       F      G
               +--------+--------+--------+--------+--------+-----+--------+
         Total |  17956 |  17525 |    431 |   4452 |  10856 |  12 | 1496.3 |
       Dungeon |  17012 |  16581 |    431 |   4262 |  10424 |  11 | 1546.5 |
      Gauntlet |    944 |    944 |      0 |    190 |    431 |   1 |  944.0 |
               +--------+--------+--------+--------+--------+-----+--------+

Top non-repeatable levels by time:
     D:9: 2525 daAuts
     D:6: 2050 daAuts
    D:10: 1940 daAuts
     D:5: 1864 daAuts
     D:4: 1817 daAuts
     D:8: 1600 daAuts
     D:1: 1468 daAuts
     D:7: 1313 daAuts
     D:2: 1257 daAuts
     D:3: 1121 daAuts
Gauntlet: 944 daAuts
    D:11: 52 daAuts
